 Dungeon Crawl Stone Soup version 0.17-a0-1404-gb8113a6 (webtiles) character file.

35 Tubaspinach the Grave Robber (level 3, 0/16 HPs)
             Began as a Vine Stalker Necromancer on June 22, 2015.
             Succumbed to an adder's poison
             ... on level 2 of the Dungeon.
             The game lasted 00:07:15 (1567 turns).

Tubaspinach the Grave Robber (VSNe)                 Turns: 1567, Time: 00:07:16

Health: 0/16       AC:  3    Str: 10    XL:     3   Next: 33%
Magic:  5/8        EV: 12    Int: 16    God:
Gold:   39         SH:  0    Dex: 14    Spells: 2 memorised, 5 levels left

rFire  . . .     SeeInvis .     (no weapon)
rCold  . . .     Clarity  .     a - +0 robe
rNeg   . . .     SustAt   .     (no shield)
rPois  .         Gourm    .     (no helmet)
rElec  .         Spirit   +     (no cloak)
rCorr  .         Warding  .     (no gloves)
rMut   .         Stasis   .     o - +0 pair of boots (curse)
MR     .....                    (no amulet)
Stlth  ++........               (no ring)
                                (no ring)

@: lethally poisoned (0 -> -1), not resistant to hostile enchantments,
unstealthy
A: fangs 2, regeneration 1, magic shield, antimagic bite, no device heal 3, rot
immunity
a: no special abilities


You were on level 2 of the Dungeon.
You were not hungry.

You visited 1 branch of the dungeon, and saw 2 of its levels.

You collected 39 gold pieces.

Inventory:

Armour
 a - a +0 robe (worn)
 o - a cursed +0 pair of boots (worn)
Scrolls
 d - a scroll of remove curse {unknown}
 e - a scroll of enchant weapon {unknown}
 h - 2 scrolls of fog {unknown}
 j - a scroll of recharging {unknown}
 k - a scroll of identify {unknown}
 l - a scroll of teleportation {unknown}
Potions
 f - a potion of lignification {unknown}
 g - a potion of might {unknown}
 i - a potion of invisibility {unknown}
 m - a potion of curing {unknown}
 n - a potion of heal wounds {unknown}
 p - 2 potions of ambrosia {unknown}
Books
 b - a book of Necromancy

   Spells                             Type                      Level
   a - Pain                           Necromancy                   1
   b - Animate Skeleton               Necromancy                   1
   c - Vampiric Draining              Necromancy                   3
   d - Regeneration                   Charms/Necromancy            3
   e - Animate Dead                   Necromancy                   4
   f - Control Undead                 Necromancy                   4
Comestibles
 c - a beef jerky


   Skills:
 + Level 1.6 Dodging
 + Level 2.4 Stealth
 + Level 2.9 Spellcasting
 + Level 4.6 Necromancy


You had 5 spell levels left.
You knew the following spells:

 Your Spells              Type           Power        Failure   Level  Hunger
a - Pain                  Necr           ###.         3%          1    #......
b - Animate Skeleton      Necr           N/A          3%          1    #......


Dungeon Overview and Level Annotations

Branches:
Dungeon (2/15)

Altars:


Innate Abilities, Weirdness & Mutations

You have extremely sharp teeth.
Your natural rate of healing is unusually fast.
When hurt, damage is shared between your health and your magic reserves.
Your bite disrupts and absorbs the magic of your enemies.
Potions and wands cannot restore your health.
You are immune to rotting.


Message History

* * * LOW HITPOINT WARNING * * *
You hit the adder but do no damage. Your bite misses the adder.
The adder is severely wounded.
The adder bites you.
* * * LOW HITPOINT WARNING * * *
You are more poisoned.
The adder poisons you! The goblin hits you with a club.
* * * LOW HITPOINT WARNING * * *
The adder barely misses you.
* * * LOW HITPOINT WARNING * * *
You feel sick. The bat closely misses you.
* * * LOW HITPOINT WARNING * * *
You feel sick. The bat hits you but does no damage.
The adder bites you but does no damage. The bat closely misses you.
* * * LOW HITPOINT WARNING * * *
You feel sick. The bat hits you but does no damage. The bat barely misses you.
You die...

##.####<...# #..#
##<#.# ..# ...
##.## #.#.# ..##...
#..# #.#.#
###....... ##.##
#.#.######.........
#..#
#.#.#.....>........
#.##
#.#................
#.#
#.#.#..g...........
#.#
#...@.bS...........
##.#
#.....♣♣.♣♣......##
#..#
#....#♣♣.P♣##....#
#.## #....# ♣.♣♣
.#.... #.# #...##
♣.♣ # ##. #.# #.###
P.. ##.# #.# ♣.♣
#..# #. P.♣ #.##
♣.♣


You could see an adder, a goblin and a bat.

Vanquished Creatures
  2 giant geckos
  A ball python (D:1)
  A giant cockroach (D:1)
  3 hobgoblins
  2 jackals (D:1)
  4 bats (D:1)
  5 giant newts
  4 goblins (D:1)
  4 kobolds (D:1)
  7 rats (D:1)
33 creatures vanquished.

Vanquished Creatures (collateral kills)
  A goblin (D:1)
1 creature vanquished.

Grand Total: 34 creatures vanquished

Notes
Turn   | Place    | Note
--------------------------------------------------------------
     0 | D:1      | Tubaspinach the Vine Stalker Necromancer began the quest for the Orb.
     0 | D:1      | Reached XP level 1. HP: 9/9 MP: 4/4
     2 | D:1      | Learned a level 1 spell: Animate Skeleton
   322 | D:1      | Reached XP level 2. HP: 13/13 MP: 4/6
   998 | D:1      | Reached XP level 3. HP: 9/16 MP: 4/8
  1567 | D:2      | Succumbed to an adder's poison

Vault maps used:
D:1:      dpeg_arrival_lava_temple_mockup, kennysheep_flooded_box
D:2:      serial_forest, infiniplex_forest_end_3, infiniplex_forest_straight_5,
          infiniplex_forest_end_3, infiniplex_forest_straight_1,
          infiniplex_forest_diagonal, infiniplex_forest_end_1,
          infiniplex_forest_clump_small

Action                   || total
-------------------------++-------
Melee: Unarmed           ||    21
 Cast: Pain              ||    52
       Animate Skeleton  ||    15
  Eat: Bread ration      ||     1
